 Dungeon Crawl Stone Soup version 0.31.0-4-g52a2dc7128 (webtiles) character file.

Game seed: 10966202882599557454

655 ssalbiz the Cleaver (level 7, 0/85 HPs)
             Began as a Minotaur Berserker on Jan 21, 2024.
             Was a Believer of Trog.
             Slain by an orc wizard
             ... wielding a +0 hand axe
              (6 damage)
             ... on level 3 of the Dungeon.
             The game lasted 00:06:06 (3171 turns).

ssalbiz the Cleaver (Minotaur Berserker)            Turns: 3171, Time: 00:06:07

Health: 0/85       AC:  2    Str: 23    XL:     7   Next: 29%
Magic:  6/6        EV: 12    Int:  4    God:    Trog [**....]
Gold:   184        SH:  0    Dex: 10    Spells: 6/6 levels left

rFire   . . .        n - +0 war axe
rCold   . . .        (no shield)
rNeg    . . .        b - +0 animal skin
rPois   .            (helmet restricted)
rElec   .            (no cloak)
rCorr   .            (no gloves)
SInv    .            (no boots)
Will    .....        (no amulet) Stlth
                     (no ring)
HPRegen 0.34/turn    (no ring)
MPRegen 0.10/turn

%: no passive effects
@: berserking, very quick
A: horns 2, retaliatory headbutt
a: Renounce Religion, Berserk, Trog's Hand


You were on level 3 of the Dungeon.
You worshipped Trog.
Trog was pleased with you.
You visited 1 branch of the dungeon, and saw 3 of its levels.

You collected 184 gold pieces.

Inventory:

Hand Weapons
 n - a +0 war axe (weapon)
Missiles
 e - 8 javelins (quivered)
Armour
 b - a +0 animal skin (worn)
Wands
 a - a wand of flame (4)
 r - a wand of mindburst (2)
Scrolls
 c - 2 scrolls of enchant weapon {unknown}
 d - a scroll of fog {unknown}
 i - 2 scrolls of teleportation {unknown}
 k - a scroll of immolation {unknown}
 m - a scroll of fear {unknown}
 o - a scroll of enchant armour {unknown}
Potions
 f - 3 potions of brilliance {unknown}
 g - 3 potions of curing {unknown}
 h - a potion of might {unknown}
 j - a potion of magic {unknown}
 l - a potion of degeneration {unknown}
 p - a potion of berserk rage {unknown}


   Skills:
 - Level 3.6 Fighting
 + Level 10.2 Axes
 - Level 2.4 Armour
 - Level 2.1 Dodging


You had 6 spell levels left.
You didn't know any spells.
Your spell library was empty.

Dungeon Overview and Level Annotations

Branches:
Dungeon (3/15)

Altars:
Dithmenos
Gozag
Ru
Trog
Uskayaw
Wu Jian

Shops:
D:3 :

Annotations:
D:2 1 runed translucent door, 1 exclusion, Crazy Yiuf
D:3 1 exclusion


Innate Abilities, Weirdness & Mutations

You have a pair of horns on your head.
You reflexively headbutt those who attack you in melee.


Message History

The orc is lightly wounded.
The orc hits you with a +0 whip.
You closely miss the orc. Your headbutt misses the orc.
The orc is lightly wounded.
The orc closely misses you.
You slash the orc!
You kill the orc!
Trog accepts your kill.
Things that are here:
13 gold pieces; a +0 whip; a +0 leather armour Something completely misses you.
Something hits you. Why would you want to do that?
You barely miss something. Something hits you.
You closely miss something. Your headbutt misses something.
Something barely misses you.
You barely miss something. Your headbutt misses something. Something hits you.
You barely miss something. Something hits you.
You miss something. Something hits you.
You closely miss something. Your headbutt misses something. Something hits you.
You hit something but do no damage. Something completely misses you.
You hit something. Your headbutt misses something. Something hits you!
You barely miss something. You headbutt something. Something hits you.
* * * LOW HITPOINT WARNING * * *
You hit something but do no damage. Your headbutt misses something.
You hear some strange, mumbled words.
A magic dart appears from out of thin air!
The magic dart hits you!
* * * LOW HITPOINT WARNING * * *
A red film seems to cover your vision as you go berserk!
You feel yourself moving faster!
You feel mighty! Something hits you.
* * * LOW HITPOINT WARNING * * *
You hit something. Something hits you.
* * * LOW HITPOINT WARNING * * *
You barely miss something. Your headbutt misses something.
You hear some strange, mumbled words.
Something tries to affect you, but you resist.
You miss something. You hit something. Something hits you.
You die...

##.###.#.##### ##.##
...##.###....#######
###
######.#.§.........#
#### ##..≈≈≈≈≈≈≈≈≈.#
...# #..§§......≈.#
...# #..≈[≈≈≈≈≈.≈.#
...####..≈§≈§§§≈)≈.#
...#.....≈.§≈≈.§{≈$#
...#.#.§.≈..§§.§@..#
...#.#...≈≈≈§§≈≈§≈.#
...#.#.#...§§.!..≈.#
####.#.#.≈.≈.≈§§.≈.#
#.....≈.≈.§_≈§§§#
#######.§.≈≈≈≈≈.§.##
#.......≈.......≈..#
#.###.#.≈≈≈≈≈≈§≈≈..#
#.# #..............#


There were no monsters in sight!

Vanquished Creatures
  Sigmund (D:3)
  A black bear (D:2)
  A scorpion (D:3)
  A bombardier beetle (D:3)
  2 orc priests (D:3)
  2 hounds (D:3)
  Ijyb (D:3)
  Jessica (D:2)
  Natasha (thrice) (D:3)
  An adder (D:2)
  2 dart slugs
  4 orcs (D:3)
  2 endoplasms
  A giant cockroach (D:1)
  7 goblins
  4 hobgoblins
  4 jackals (D:1)
  7 kobolds
  4 quokkas
  5 ball pythons
  5 bats
  2 frilled lizards
  7 rats
68 creatures vanquished.

Notes
Turn   | Place    | Note
-------+----------+-------------------------------------------
     0 | D:1      | ssalbiz the Minotaur Berserker began the quest for the Orb.
     0 | D:1      | Reached XP level 1. HP: 19/19 MP: 0/0
   139 | D:1      | Reached skill level 4 in Axes
   192 | D:1      | Reached XP level 2. HP: 18/26 MP: 1/1
   300 | D:1      | Found a faded altar of an unknown god.
   448 | D:1      | Reached skill level 5 in Axes
   836 | D:2      | Reached XP level 3. HP: 29/31 MP: 2/2
  1002 | D:2      | Reached ** piety under Trog
  1003 | D:2      | Noticed a black bear
  1009 | D:2      | Killed a black bear
  1010 | D:2      | Reached skill level 6 in Axes
  1010 | D:2      | Reached XP level 4. HP: 39/39 MP: 3/3
  1272 | D:2      | Noticed Jessica
  1273 | D:2      | Killed Jessica
  1274 | D:2      | Reached skill level 7 in Axes
  1274 | D:2      | Reached XP level 5. HP: 45/45 MP: 4/4
  1335 | D:2      | Found a runed translucent door.
  1336 | D:2      | Noticed Crazy Yiuf
  1670 | D:3      | Found Veysch's Book Boutique.
  1689 | D:3      | Found an opulent altar of Gozag.
  1690 | D:3      | Noticed Natasha
  1711 | D:3      | Killed Natasha
  1712 | D:3      | Reached skill level 8 in Axes
  1801 | D:3      | Reached XP level 6. HP: 41/51 MP: 5/5
  2100 | D:3      | Found a bloodstained altar of Trog.
  2102 | D:3      | Noticed Natasha
  2109 | D:3      | Killed Natasha
  2294 | D:3      | Found a shadowy altar of Dithmenos.
  2329 | D:3      | Noticed Natasha
  2335 | D:3      | Killed Natasha
  2369 | D:3      | Noticed Sigmund
  2369 | D:3      | Noticed Ijyb
  2403 | D:3      | Killed Sigmund
  2404 | D:3      | Reached skill level 9 in Axes
  2404 | D:3      | Killed Ijyb
  2405 | D:3      | Reached XP level 7. HP: 57/57 MP: 6/6
  2565 | D:3      | Found an ornate altar of the Wu Jian Council.
  2566 | D:3      | Found a sacrificial altar of Ru.
  2623 | D:3      | Found a hide-covered altar of Uskayaw.
  2769 | D:3      | Reached skill level 10 in Axes
  3171 | D:3      | Slain by an orc wizard

Illustrated notes

Levels and vault maps discovered:
D:1:      heliophobic_arrival_dark_side_of_the_moon, layout_basic,
          ebering_ecumenical_altar_abandoned, chequers_big_river
D:2:      layout_loops_cross, minmay_misc_feat_ornament, minmay_hexomino_c4,
          uniq_jessica, uniq_crazy_yiuf_cottage
D:3:      layout_loops_cross, mainiacjoe_overflow_catwalk_spiral,
          mainiacjoe_overflow_six_doors_small, lemuel_crystal_altar,
          gammafunk_temple_overflow_statue, serial_shops, shop, kennysheep_nub,
          hangedman_decor_push, uniq_natasha, uniq_sigmund, uniq_ijyb

Skill      XL: |  1  2  3  4  5  6  7 |
---------------+----------------------+-----
Axes           | 4 5 6 7 8 9 10 | 10.2
Fighting       | |  3.6
Armour         | |  2.4
Dodging        | |  2.1

Action                     |  1- 3 |  4- 6 |  7- 9 || total
---------------------------+-------+-------+-------++-------
  Melee: Hand axe          |    50 |    10 |       ||    60
         Headbutt          |     5 |     7 |     7 ||    19
         War axe           |       |    41 |    43 ||    84
         Unarmed           |       |     3 |       ||     3
         Punch             |       |       |     1 ||     1
  Throw: Javelin           |    23 |     1 |       ||    24
 Invoke: Berserk           |     1 |     3 |     1 ||     5
         Trog's Hand       |       |     1 |     2 ||     3
  Evoke: Wand              |       |       |     6 ||     6
   Stab: Sleeping          |     1 |     1 |       ||     2
 Armour: Animal skin       |    20 |    26 |    26 ||    72
         Skin              |       |     1 |       ||     1
  Dodge: Dodged            |    39 |    39 |    25 ||   103
